 Dungeon Crawl Stone Soup version 0.19.1 (webtiles) character file.

112 Nimsei the Twirler (level 4, -2/34 HPs)
             Began as a Demonspawn Gladiator on Nov 27, 2016.
             Killed from afar by an orc wizard (14 damage)
             ... with a puff of frost
             ... on level 3 of the Dungeon.
             The game lasted 00:10:53 (1911 turns).

Nimsei the Twirler (Demonspawn Gladiator)           Turns: 1911, Time: 00:10:54

Health: -2/34      AC:  6    Str: 17    XL:     4   Next: 63%
Magic:  4/4        EV: 13    Int:  9    God:
Gold:   133        SH:  0    Dex: 16    Spells: 0 memorised, 3 levels left

rFire  . . .     SeeInvis .     a - +0 quarterstaff
rCold  . . .     Gourm    .     b - +0 leather armour
rNeg   . . .     Faith    .     (shield currently unavailable)
rPois  .         Spirit   .     c - +0 helmet
rElec  .         Reflect  .     (no cloak)
rCorr  .         Harm     .     (no gloves)
MR     .....                    (no boots)
Stlth  ++........               n - amulet of rage
                                k - +3 ring of dexterity
                                j - +2 ring of protection

@: no status effects
A: claws 1, camouflage 1, spiny 1
a: Evoke Berserk Rage


You were on level 3 of the Dungeon.
You were not hungry.

You visited 1 branch of the dungeon, and saw 3 of its levels.

You collected 133 gold pieces.

Inventory:

Hand Weapons
 a - a +0 quarterstaff (weapon)
 l - a +2 dagger of holy wrath
Missiles
 d - 3 throwing nets (quivered)
Armour
 b - a +0 leather armour (worn)
 c - a +0 helmet (worn)
 s - a +0 shield
Jewellery
 j - a +2 ring of protection (left claw)
 k - a +3 ring of dexterity (right claw)
 n - an amulet of rage (around neck)
Scrolls
 g - a scroll of blinking
 p - 4 scrolls of teleportation
 q - a scroll of remove curse
Potions
 e - a potion of berserk rage
 m - a potion of lignification
 o - a potion of might
 t - a potion of magic
 u - a potion of brilliance
Comestibles
 f - 2 bread rations
 h - a meat ration
 i - 4 fruits
 r - 2 chunks of flesh


   Skills:
 + Level 2.3 Fighting
 + Level 3.9 Staves
 + Level 1.7 Throwing
 + Level 1.5 Armour
 + Level 3.2 Dodging
 + Level 0.2 Stealth


You had 3 spell levels left.
You didn't know any spells.

Dungeon Overview and Level Annotations

Branches:
Dungeon (3/15)

Altars:


Innate Abilities, Weirdness & Mutations

You have sharp fingernails.
You are partially covered in sharp spines.
Your skin changes colour to match your surroundings (Stealth+).


Message History

Something hits you but does no damage. Something hits you.
Things that are here:
a dagger; a robe; an orc corpse No target in view!
You hit something. Something hits you.
You hit something.
You hear some strange, mumbled words.
A puff of frost appears from out of thin air!
The puff of frost hits you!
You hear some strange, mumbled words.
A magic dart appears from out of thin air!
The magic dart hits you! Something hits you but does no damage.
Items here: ( ) †† a hand axe; 17 stones; an orc corpse; a rat corpse You hear some strange, mumbled words.
A puff of frost appears from out of thin air!
The puff of frost hits you!
You die...

##...####
#..##.#####...#### ##.##
##(##...(......(....
##.## ###
#.##..##.###>#####.
##...###.###.##..##.# #.#
..........#...#..##.###.#
##...###......().........
#.#.#. ####...#{)##.###.#
.##.##. ##.##.)##.# .# .
#.. . #.##.@##.# ### #
#.##..# #.##... #.##..(.
#.#... ....#.# .. ....
##. ?. ##


There were no monsters in sight!

Vanquished Creatures
  An orc wizard (D:3)
  2 adders (D:2)
  2 oozes (D:2)
  A worm (D:2)
  2 leopard geckos
  2 orcs (D:3)
  3 giant cockroaches
  6 goblins
  5 hobgoblins
  2 jackals (D:2)
  8 kobolds
  2 quokkas (D:2)
  A ball python (D:1)
  4 bats
  4 frilled lizards
  5 rats
50 creatures vanquished.

Notes
Turn   | Place    | Note
-------+----------+-------------------------------------------
     0 | D:1      | Nimsei the Demonspawn Gladiator began the quest for the Orb.
     0 | D:1      | Reached XP level 1. HP: 16/16 MP: 1/1
   296 | D:1      | Gained mutation: You are partially covered in sharp spines. [demonic ancestry]
   296 | D:1      | Reached XP level 2. HP: 17/22 MP: 2/2
   935 | D:2      | Reached XP level 3. HP: 27/27 MP: 3/3
  1131 | D:2      | Reached skill level 1 in Armour
  1401 | D:2      | Gained mutation: Your skin changes colour to match your surroundings (Stealth+). [potion of beneficial mutation]
  1414 | D:2      | Gained mutation: You have sharp fingernails. [demonic ancestry]
  1414 | D:2      | Reached XP level 4. HP: 33/33 MP: 4/4
  1911 | D:3      | Killed from afar by an orc wizard

Skill      XL: |  1  2  3 |
---------------+----------+-----
Staves         | 3 |  3.9
Dodging        | 3 |  3.2
Armour         | 1 |  1.5
Fighting       | |  2.3
Throwing       | |  1.7
Stealth        | |  0.2

Action                   |  1- 3 |  4- 6 || total
-------------------------+-------+-------++-------
Melee: Quarterstaff      |    71 |    24 ||    95
  Use: Scroll            |     7 |     1 ||     8
       Potion            |     4 |     1 ||     5
 Stab: Sleeping          |     1 |     1 ||     2
  Eat: Pizza             |     1 |       ||     1
       Chunk             |       |     2 ||     2
Armor: Leather armour    |    24 |    12 ||    36
Dodge: Dodged            |    46 |    15 ||    61
